AoeStats
← Master_Keef

Four Lakes

507349061Analyzed
1v1 RM · 16d ago on Sep 17, 2026· 25m 35s· 2 players
Game mode
Random Map
Map size
Tiny (2 player)
Population
200
Speed
Normal
Resources
Standard
Victory
Conquest
Starting age
Dark Age
Ending age
Imperial Age
RankedLock teamsTeams togetherTeam positionsShared explorationLock speedFull tech treeHidden civsTurbo modeCheats
Victory
Defeat
🇺🇸 Celts · United States
791
+16
🇺🇸 Chinese · United States
781
-16
Yololo7977
8:27 Loom
11:15 Feudal Age
12:06 Double-Bit Axe
12:25 Horse Collar
17:03 Castle Age
18:41 Bow Saw
18:33 Heavy Plow
19:11 Wheelbarrow
18:21 Town Watch
21:26 Hand Cart
21:14 Town Patrol
Master_Keef
10:21 Loom
12:22 Feudal Age
14:13 Wheelbarrow
14:29 Double-Bit Axe
15:31 Fishing Lines
18:45 Castle Age
18:34 Forging
18:25 Scale Mail Armor
18:16 Fletching
18:47 Arson
19:07 Man-at-Arms
19:34 Gambesons
19:55 Long Swordsman
21:18 Iron Casting
22:10 Pikeman
Connection lost

Rejoining the realm…

Still unreachable

The connection could not be restored.

Session expired

The server has moved on; the page needs a fresh start.